 Dungeon Crawl Stone Soup version 0.30-a0-737-gf23d94013f (webtiles) character file.

Game seed: 14724678323445193029

23720 garrulousMonolith the Destroyer (level 13, -1/80 HPs)
             Began as a Gargoyle Earth Elementalist on Feb 2, 2023.
             Was an Elder of Sif Muna.
             Slain by a catoblepas (16 damage)
             ... on level 2 of the Lair of Beasts.
             The game lasted 00:25:13 (16195 turns).

garrulousMonolith the Destroyer (GrEE)             Turns: 16195, Time: 00:25:14

Health: -1/80      AC: 22    Str: 18    XL:     13   Next: 8%
Magic:  1/24       EV: 16    Int: 23    God:    Sif Muna [****..]
Gold:   419        SH:  4    Dex: 10    Spells: 12/27 levels left

rFire   + + .      SeeInvis .    m - +4 whip "Nachil" {freeze, rC+++ Int+5 Stlth-}
rCold   + + +      Faith    .    K - +0 buckler
rNeg    + + .      Spirit   .    M - +3 leather armour {rF+}
rPois   ∞          Reflect  .    F - +2 hat {Will+}
rElec   +          Harm     .    L - +0 cloak
rCorr   .          Rampage  .    (no gloves)
Will    +....                    D - +1 pair of boots of Seob Ril {rN+ Str+3 Slay+2}
Stlth   +                        (no amulet)
HPRegen 0.33/turn                C - ring of protection from fire
MPRegen 0.19/turn                p - +5 ring of evasion

@: no status effects
A: sickness immunity, AC +9, negative energy resistance 1, electricity
resistance, torment resistance 1, petrification resistance
a: Renounce Religion, Channel Magic, Forget Spell, Divine Exegesis


You were on level 2 of the Lair of Beasts.
You worshipped Sif Muna.
Sif Muna was greatly pleased with you.
You visited 3 branches of the dungeon, and saw 14 of its levels.
You also visited: Ice Cave.

You collected 953 gold pieces.
You spent 534 gold pieces at shops.

Inventory:

Hand Weapons
 m - the +4 whip "Nachil" (weapon) {freeze, rC+++ Int+5 Stlth-}
   (You found it on level 2 of the Dungeon)

   Int:       It affects your intelligence (+5).
   rC:        It renders you almost immune to cold.
   Stlth:     It makes you less stealthy.
 q - a +2 dagger of venom
 R - the +2 war axe of Obbiab {holy, rN+ Will++}
   (You found it in an ice cave)

   rN:        It protects you from negative energy.
   Will:      It greatly increases your willpower.
 S - a +2 broad axe of freezing
Missiles
 d - 8 boomerangs
 g - 3 curare-tipped darts
 Q - 2 throwing nets
Armour
 e - a +0 kite shield
 w - +0 shadow dragon scales
 B - +0 acid dragon scales
 D - the +1 pair of boots of Seob Ril (worn) {rN+ Str+3 Slay+2}
   (You found it on level 8 of the Dungeon)

   Str:       It affects your strength (+3).
   Slay:      It affects your accuracy & damage with ranged weapons and melee
   (+2).
   rN:        It protects you from negative energy.
 F - a +2 hat of willpower (worn)
 J - a scarf of invisibility
 K - a +0 buckler (worn)
 L - a +0 cloak (worn)
 M - a +3 leather armour of fire resistance (worn)
 O - a +0 troll leather armour
 V - a +2 scale mail of cold resistance
Magical Staves
 G - a staff of earth
 U - a staff of cold
Jewellery
 f - an amulet of guardian spirit
 k - a ring of magical power
 p - a +5 ring of evasion (right hand)
 u - a ring of see invisible
 C - a ring of protection from fire (left hand)
 H - a +6 ring of dexterity
 I - a +4 ring of protection
Wands
 t - a wand of digging (5)
 x - a wand of polymorph (6)
 E - a wand of charming (17)
 W - a wand of roots (6)
Scrolls
 c - 6 scrolls of enchant armour
 i - 6 scrolls of teleportation
 l - a scroll of amnesia
 v - 4 scrolls of identify
 y - a scroll of immolation {unknown}
 T - a scroll of enchant weapon {unknown}
 X - a scroll of magic mapping {unknown}
 Y - a scroll of acquirement
Potions
 a - 3 potions of berserk rage {unknown}
 b - a potion of magic
 h - 4 potions of might
 j - 5 potions of attraction
 n - 8 potions of curing
 o - 2 potions of flight
 r - a potion of invisibility
 s - 4 potions of haste
 z - a potion of brilliance
 A - 3 potions of heal wounds
 N - 2 potions of ambrosia {unknown}
 P - a potion of resistance


   Skills:
 + Level 9.0 Fighting
 + Level 9.0 Armour
 - Level 2.0 Dodging
 - Level 2.1 Stealth
 - Level 4.0 Shields
 + Level 7.9 Spellcasting
 * Level 12.4 Conjurations
 - Level 1.0 Transmutations
 - Level 12.0 Earth Magic
 * Level 6.1 Invocations


You had 12 spell levels left.
You knew the following spells:

 Your Spells              Type           Power      Damage    Failure   Level
a - Sandblast             Erth           100%       2d20      1%          1
b - Stone Arrow           Conj/Erth      100%       3d13      1%          3
c - Lee's Rapid Deconstr  Erth           29%        3d15*     2%          5
d - Petrify               Tmut/Erth      39%        N/A       8%          4
e - Passwall              Tmut/Erth      32%        N/A       1%          2

Your spell library contained the following spells:

 Spells                   Type           Power      Damage    Failure   Level
 Flame Wave               Conj/Fire      37%        2d10      9%          4
 Leda's Liquefaction      Hex/Erth       18%        N/A       9%          4
 Sticky Flame             Conj/Fire      37%        2d6       9%          4
 Necrotise                Necr           36%        1d5       11%         1
 Slow                     Hex            36%        N/A       11%         1
 Wereblood                Tmut           13%        N/A       11%         2
 Ensorcelled Hibernation  Hex/Ice        18%        N/A       16%         2
 Lesser Beckoning         Tloc           18%        N/A       16%         2
 Ignite Poison            Fire/Tmut/Pois 10%        N/A       28%         3
 Confusing Touch          Hex            9%         N/A       32%         3
 Gell's Gravitas          Tloc           9%         N/A       32%         3
 Inner Flame              Hex/Fire       9%         N/A       32%         3
 Kindle Blastsparks       Fire/Tloc/Air  18%        2d11      32%         3
 Swiftness                Air            9%         N/A       32%         3
 Teleport Other           Tloc           9%         N/A       32%         3
 Vampiric Draining        Necr           9%         2d6       32%         3
 Freezing Cloud           Conj/Ice/Air   14%        6-21      47%         5
 Agony                    Necr           9%         N/A       96%         5
 Summon Hydra             Summ           4%         N/A       100%        7
 Chain Lightning          Conj/Air       18%        3d24      100%        9
 Fire Storm               Conj/Fire      18%        8d5       100%        9
 Shatter                  Erth           29%        3d24*     100%        9
 Sublimation of Blood     Necr           Unusable   N/A       N/A         2
 Statue Form              Tmut/Erth      Unusable   N/A       N/A         6

Dungeon Overview and Level Annotations

Branches:
Dungeon (11/15)            Temple (1/1) D:6            Lair (2/5) D:8
    Orc (0/2) D:9           IceCv (visited)
  Swamp: Lair:2-3    Shoals: Lair:2-3     Snake: Lair:2-3    Spider: Lair:2-3

Altars:
Ashenzari
Cheibriados
Dithmenos
Elyvilon
Fedhas
Gozag
Hepliaklqana
Kikubaaqudgha
Makhleb
Nemelex Xobeh
Okawaru
Qazlal
Ru
Sif Muna
Trog
Uskayaw
Vehumet
Wu Jian
Xom
Yredelemnul
Zin
The Shining One

Shops:
D:3 !   D:11 :

Annotations:
D:8 4 runed translucent doors, 2 transporters, Prince Ribbit
D:11 3 runed translucent doors
Lair:1 3 runed translucent doors, lambentLogic's ghost, journeyman KoEn


Innate Abilities, Weirdness & Mutations

You are immune to sickness and miasma.
Your stone body is resilient. (AC +9)
You are immune to poison.
You resist negative energy. (rN+)
You are resistant to electric shocks. (rElec)
You are resistant to unholy torment.
You are immune to petrification.


Message History

The catoblepas is heavily wounded.
The catoblepas gores you but does no damage.
The catoblepas barely misses you.
You whack the catoblepas! You freeze the catoblepas.
The catoblepas is heavily wounded.
The catoblepas breathes a plume of calcifying dust at you.
The blast of calcifying dust hits you but does no damage.
You hit the catoblepas but do no damage.
The catoblepas is heavily wounded.
The catoblepas gores you.
You hit the catoblepas. You freeze the catoblepas.
The catoblepas is heavily wounded.
The catoblepas roars fiercely, eyes lowered.
The catoblepas breathes a plume of calcifying dust at you.
The blast of calcifying dust hits you.
You hit the catoblepas. You freeze the catoblepas.
The catoblepas is heavily wounded.
The catoblepas closely misses you.
You hit the catoblepas but do no damage.
The catoblepas is heavily wounded.
The catoblepas breathes a plume of calcifying dust at you.
The blast of calcifying dust hits you but does no damage.
Casting: Sandblast (safe; 1% risk of failure)
Confirm with . or Enter, or press ? or * to list all spells.
Aiming: Sandblast (safe; 1% risk of failure)
Press: ? - help, Shift-Dir - straight line, f/p - catoblepas
Aim: a catoblepas (heavily wounded, 100% to hit)
The blast of sand hits the catoblepas!!
The catoblepas is almost dead.
The catoblepas gores you! x2
* * * LOW HITPOINT WARNING * * *
Casting: Sandblast (safe; 1% risk of failure)
Confirm with . or Enter, or press ? or * to list all spells.
Aiming: Sandblast (safe; 1% risk of failure)
Press: ? - help, Shift-Dir - straight line, f/p - catoblepas
Aim: a catoblepas (severely wounded, 100% to hit)
The blast of sand hits the catoblepas but does no damage.
The catoblepas is severely wounded.
The catoblepas gores you!
You die...

##..k≈≈≈§≈..## #.......#
...≈≈§§§≈....# ###.....#
≈§≈≈≈§≈≈≈....# ##....##
≈≈≈≈≈≈§§...### #.....P#
≈≈≈≈§§≈....# ##..†..##
≈≈≈≈≈.....#### ###......###
≈≈........##[####.......###.
..........Y.................
...........@................
.....<......................
..#.#.######P.##.##.....#.##
.P#... #######P....### .#.#
#......# .. #.....##
#..).P## ##..<...#
##......##


You could see a catoblepas.

Vanquished Creatures
  Gastronok (D:8)
  2 two-headed ogres
  A death yak (Lair:1)
  2 bog bodies (IceCv)
  2 deep elf pyromancers (D:8)
  3 lindwurms (Lair:2)
  A manticore (D:11)
  An ice statue (IceCv)
  A black mamba (Lair:1)
  An elephant (D:8)
  3 cane toads
  Psyche (D:8)
  A kobold demonologist (D:11)
  An anaconda simulacrum (IceCv)
  A rime drake (Lair:2)
  2 komodo dragons
  3 trolls (D:11)
  4 blink frogs (Lair:1)
  A shadow (D:10)
  4 basilisks
  A dire elephant simulacrum (IceCv)
  A wyvern (Lair:2)
  4 wraiths
  28 yaks
  3 death yak simulacra (IceCv)
  2 steam dragons (D:8)
  2 harpy simulacra (IceCv)
  5 water moccasins
  A hydra simulacrum (IceCv)
  An acid dragon (D:11)
  An ice beast (D:7)
  5 orc warriors
  A black bear (D:4)
  5 sky beasts
  2 ogres
  3 centaurs
  5 wolves (Lair:1)
  A phantom (D:2)
  3 kobold brigands
  A gnoll sergeant (D:9)
  5 bullfrogs
  2 cane toad simulacra (IceCv)
  9 two-headed ogre simulacra (IceCv)
  9 wights (D:6)
  11 killer bees
  3 elephant simulacra (IceCv)
  A howler monkey (D:5)
  3 hounds
  A jelly (D:5)
  7 orc priests
  An iguana (D:5)
  Terence (D:3)
  6 orc wizards
  3 spriggan simulacra (IceCv)
  3 polar bear simulacra (IceCv)
  5 troll simulacra (IceCv)
  2 wolf simulacra (IceCv)
  8 adders
  18 gnolls
  6 naga simulacra (IceCv)
  2 shadow imps
  4 white imps (IceCv)
  5 ufetubi
  A worm (D:3)
  4 dart slugs
  36 orcs
  7 ball pythons
  4 bats
  8 endoplasms
  2 giant cockroaches
  4 goblins
  A hobgoblin (D:4)
  8 jackals
  3 quokkas
  A frilled lizard (D:2)
  17 kobolds
  2 rats (D:1)
324 creatures vanquished.

Vanquished Creatures (others)
  4 fungi (Lair:2)
  5 plants
9 creatures vanquished.

Grand Total: 333 creatures vanquished

Notes
Turn   | Place    | Note
-------+----------+-------------------------------------------
     0 | D:1      | garrulousMonolith the Gargoyle Earth Elementalist began the
                  | quest for the Orb.
     0 | D:1      | Reached XP level 1. HP: 10/10 MP: 3/3
    75 | D:1      | Reached skill level 1 in Transmutations
    87 | D:1      | Reached XP level 2. HP: 15/16 MP: 1/5
   655 | D:2      | Reached XP level 3. HP: 20/20 MP: 4/6
   697 | D:2      | Learned a level 3 spell: Stone Arrow
   700 | D:2      | Learned a level 2 spell: Passwall
   820 | D:2      | Reached skill level 1 in Fighting
   880 | D:2      | Reached skill level 1 in Armour
   944 | D:2      | Identified the +4 whip "Nachil" {freeze, rC+++ Int+5
                  | Stlth-}
  1181 | D:2      | Reached skill level 1 in Conjurations
  1249 | D:2      | Noticed a phantom
  1257 | D:2      | Killed a phantom
  1258 | D:2      | Reached XP level 4. HP: 25/25 MP: 7/7
  1258 | D:2      | Reached XP level 5. HP: 29/29 MP: 8/8
  1567 | D:3      | Noticed Terence
  1732 | D:3      | Reached skill level 5 in Earth Magic
  1739 | D:3      | Killed Terence
  1850 | D:3      | Reached XP level 6. HP: 35/35 MP: 10/10
  2010 | D:3      | Found Cituf's Distillery.
  2018 | D:3      | Bought a potion of curing for 30 gold pieces
  2588 | D:4      | Noticed a black bear
  2596 | D:4      | Killed a black bear
  2597 | D:4      | Reached XP level 7. HP: 33/40 MP: 11/11
  2909 | D:4      | Found a sparkling altar of Nemelex Xobeh.
  3303 | D:5      | Entered Level 5 of the Dungeon
  4319 | D:6      | Reached XP level 8. HP: 46/46 MP: 13/13
  4659 | D:6      | Reached skill level 5 in Conjurations
  4940 | D:6      | Found a staircase to the Ecumenical Temple.
  4994 | Temple   | Entered the Ecumenical Temple
  5286 | Temple   | Became a worshipper of Sif Muna the Loreminder
  5952 | D:7      | Reached XP level 9. HP: 52/52 MP: 14/15
  6597 | D:7      | Found a sacrificial altar of Ru.
  6991 | D:7      | Identified a scroll of acquirement
  6993 | D:7      | Acquired a +5 ring of evasion
  7208 | D:8      | Identified the +1 pair of boots of Seob Ril {rN+ Str+3
                  | Slay+2}
  7261 | D:8      | Noticed a skeletal warrior
  7263 | D:8      | Found an ancient bone altar of Kikubaaqudgha.
  7266 | D:8      | Noticed a flayed ghost
  7267 | D:8      | Noticed Prince Ribbit
  7268 | D:8      | Found a basalt altar of Yredelemnul.
  7300 | D:8      | Found a large runed translucent door.
  7300 | D:8      | Found a large runed translucent door.
  7303 | D:8      | Noticed a centaur warrior
  7346 | D:8      | Found a large runed translucent door.
  7346 | D:8      | Found a large runed translucent door.
  7351 | D:8      | Noticed an elephant
  7364 | D:8      | Killed an elephant
  7365 | D:8      | Reached skill level 5 in Fighting
  7365 | D:8      | Reached skill level 5 in Armour
  7505 | D:8      | Found a staircase to the Lair.
  7520 | D:8      | Reached skill level 5 in Spellcasting
  7570 | D:8      | Reached XP level 10. HP: 59/59 MP: 16/17
  7625 | D:8      | Noticed Gastronok
  7648 | D:8      | Killed Gastronok
  7649 | D:8      | Reached skill level 10 in Earth Magic
  7899 | D:8      | Noticed Psyche
  7902 | D:8      | Killed Psyche
  8084 | D:8      | Found a transporter.
  8089 | D:8      | Found a transporter.
  8097 | D:8      | Reached * piety under Sif Muna
  8267 | D:8      | Noticed a deep elf pyromancer
  8271 | D:8      | Killed a deep elf pyromancer
  8600 | D:8      | Noticed a two-headed ogre
  8606 | D:8      | Noticed a deep elf pyromancer
  8609 | D:8      | Killed a two-headed ogre
  8614 | D:8      | Killed a deep elf pyromancer
  8615 | D:8      | Reached XP level 11. HP: 41/66 MP: 4/20
  9088 | D:9      | Reached skill level 1 in Shields
  9792 | D:9      | Reached ** piety under Sif Muna
 10102 | D:9      | Found a staircase to the Orcish Mines.
 10176 | D:9      | Learned a level 4 spell: Petrify
 10582 | D:10     | Entered Level 10 of the Dungeon
 10734 | D:10     | Reached skill level 10 in Conjurations
 11427 | D:11     | Noticed a manticore
 11432 | D:11     | Killed a manticore
 11562 | D:11     | Found Dedi's Book Boutique.
 11565 | D:11     | Bought a book of the Earth for 504 gold pieces
 11571 | D:11     | Learned a level 5 spell: Lee's Rapid Deconstruction
 11968 | D:11     | Noticed a two-headed ogre
 11973 | D:11     | Killed a two-headed ogre
 12093 | D:11     | Found a runed translucent gate.
 12093 | D:11     | Found a runed translucent gate.
 12093 | D:11     | Noticed a white ugly thing
 12094 | D:11     | Found a runed translucent gate.
 12094 | D:11     | Noticed a glowing orange brain
 12094 | D:11     | Noticed a two-headed ogre
 12094 | D:11     | Noticed a cyan ugly thing
 12095 | D:11     | Noticed a cyan ugly thing
 12101 | D:11     | Noticed a lindwurm
 12101 | D:11     | a lindwurm changed into a redback
 12104 | D:11     | Noticed a manticore
 12295 | D:11     | Noticed a cyclops
 12296 | D:11     | a cyclops changed into a floating eye
 12298 | D:11     | a snapping turtle changed into a moth of wrath
 12298 | D:11     | Noticed a moth of wrath (glowing shapeshifter)
 12944 | Lair:1   | Entered Level 1 of the Lair of Beasts
 12953 | Lair:1   | Reached XP level 12. HP: 73/73 MP: 12/22
 13076 | Lair:1   | Noticed lambentLogic's ghost (journeyman KoEn)
 13076 | Lair:1   | Noticed a minotaur
 13089 | Lair:1   | Reached skill level 1 in Invocations
 13121 | Lair:1   | Reached *** piety under Sif Muna
 13155 | Lair:1   | Found a runed translucent gate.
 13155 | Lair:1   | Found a runed translucent gate.
 13155 | Lair:1   | Found a runed translucent gate.
 13347 | Lair:1   | Found a frozen archway.
 13363 | IceCv    | Entered an ice cave
 13946 | IceCv    | Reached **** piety under Sif Muna
 14677 | IceCv    | Identified the +2 war axe of Obbiab {holy, rN+ Will++}
 15525 | Lair:2   | Noticed a death yak
 15525 | Lair:2   | Noticed a death yak
 15525 | Lair:2   | Noticed a death yak
 15525 | Lair:2   | Noticed a death yak
 15525 | Lair:2   | Noticed a death yak
 15526 | Lair:2   | Noticed a four-headed hydra
 15532 | Lair:1   | Killed a death yak
 15533 | Lair:1   | Reached skill level 5 in Invocations
 15991 | Lair:2   | Reached XP level 13. HP: 75/80 MP: 12/24
 16195 | Lair:2   | Slain by a catoblepas

Illustrated notes

Levels and vault maps discovered:
D:1:      spicycebolla_green_bress_n_ham, layout_rooms, palyth_stone_intersect
D:2:      layout_basic
D:3:      layout_basic, serial_shops, shop, uniq_terence
D:4:      layout_basic, nemelex_xobeh_ov_fountains_minmay
D:5:      layout_basic
D:6:      layout_basic, minmay_temple_entry_water_ring, minmay_misc_feat_rows
D:7:      layout_basic, nicolae_ru_path_of_blood
D:8:      layout_loops_ring, gammafunk_temple_of_torment, david_lair_generic,
          minmay_hollow_rounded_squares, uniq_prince_ribbit1, uniq_psyche,
          uniq_gastronok
D:9:      layout_basic, orc_0_dummy
D:10:     layout_rooms
D:11:     layout_stronghold, serial_shops, nicolae_shop_behind_doors,
          ploomutoo_gammafunk_ghost_potion_laboratory
Temple:   regret_index_temple_mists
Lair:1:   layout_cave_pods, maelrawn_ghost_gauntlet_escape,
          portal_ice_cave_entry_ice_simulacra
Lair:2:   layout_hall_layers, minmay_lindwurm_lava, infiniplex_staircase_pool_2,
          uniq_harold

Skill      XL: |  1  2  3  4  5  6  7  8  9 10 11 12 13 |
---------------+----------------------------------------+-----
Transmutations | 1 |  1.0
Earth Magic    | 4 5 6 8 9 11 12 | 12.0
Fighting       | 1 2 3 4 5 6 7 8 9 |  9.0
Armour         | 1 2 3 4 5 6 7 8 9 |  9.0
Conjurations   | 2 3 4 6 7 9 10 12 | 12.4
Dodging        | 2 |  2.0
Spellcasting   | 3 4 5 6 7 |  7.9
Shields        | 4 |  4.0
Invocations    | 5 6 |  6.1
Stealth        | |  2.1

Action                     |  1- 3 |  4- 6 |  7- 9 | 10-12 | 13-15 || total
---------------------------+-------+-------+-------+-------+-------++-------
  Melee: Whip              |     2 |    13 |    53 |    92 |    13 ||   173
         Punch             |       |     1 |     1 |     2 |       ||     4
   Cast: Sandblast         |    41 |    66 |    64 |   168 |    14 ||   353
         Stone Arrow       |       |       |    67 |   184 |     8 ||   259
         Lee's Rapid Decon |       |       |       |    18 |     2 ||    20
    Use: Scroll            |       |     4 |    11 |     4 |       ||    19
         Potion            |       |     1 |       |     2 |       ||     3
 Armour: Robe              |    10 |    22 |       |       |       ||    32
         Ring mail         |       |     5 |    55 |     5 |       ||    65
         Steam dragon scal |       |       |       |     5 |       ||     5
         Leather armour    |       |       |       |   125 |     9 ||   134
  Dodge: Dodged            |    23 |    53 |   106 |   220 |    14 ||   416
  Block: Buckler           |       |       |       |    45 |     5 ||    50

Table legend: (Time is in decaauts)
 A = Elapsed time spent in this place.
 B = Non-inter-level travel time spent in this place.
 C = Inter-level travel time spent in this place.
 D = Time resting spent in this place.
 E = Time spent auto-exploring this place.
 F = Levels seen in this place.
 G = Mean time per level.
                   A        B        C        D        E       F      G
               +--------+--------+--------+--------+--------+-----+--------+
         Total |  16504 |  15971 |    533 |   3654 |   9576 |  15 | 1100.3 |
       Dungeon |  12770 |  12286 |    484 |   2672 |   7909 |  11 | 1160.9 |
        Temple |    391 |    391 |      0 |      0 |    200 |   1 |  391.0 |
          Lair |   1888 |   1839 |     49 |    280 |    971 |   2 |  944.0 |
      Ice Cave |   1454 |   1454 |      0 |    702 |    494 |   1 | 1454.0 |
               +--------+--------+--------+--------+--------+-----+--------+

Top non-repeatable levels by time:
     D:8: 2053 daAuts
     D:9: 1710 daAuts
    D:11: 1487 daAuts
   IceCv: 1454 daAuts
     D:6: 1417 daAuts
  Lair:1: 1284 daAuts
     D:7: 1099 daAuts
     D:4: 979 daAuts
     D:5: 921 daAuts
     D:2: 890 daAuts
     D:3: 839 daAuts
    D:10: 713 daAuts
     D:1: 657 daAuts
  Lair:2: 604 daAuts
  Temple: 391 daAuts
